 Dungeon Crawl Stone Soup version 0.23.2-1-ga50397a (webtiles) character file.

Game seed: 4193422756811106510

25 Leeroy the Conjurer (level 2, -3/20 HPs)
             Began as a Draconian Conjurer on Apr 14, 2019.
             Slain by a worm (11 damage)
             ... on level 1 of the Dungeon.
             The game lasted 00:02:35 (798 turns).

Leeroy the Conjurer (Draconian Conjurer)             Turns: 798, Time: 00:02:36

Health: -3/20      AC:  5    Str: 10    XL:     2   Next: 86%
Magic:  1/5        EV: 12    Int: 15    God:
Gold:   63         SH:  0    Dex: 11    Spells: 2/5 levels left

rFire    . . .     SeeInvis .   k - +0 short sword
rCold    . . .     Gourm    .   (no shield)
rNeg     . . .     Faith    .   (armour unavailable)
rPois    .         Spirit   .   (helmet restricted)
rElec    .         Reflect  .   e - +0 cloak
rCorr    .         Harm     .   (no gloves)
MR       .....                  (no boots)
Stlth    ++........             (no amulet)
HPRegen  0.06/turn              (no ring)
MPRegen  0.09/turn              (no ring)

@: no status effects
A: unfitting armour, cold-blooded, AC +4
a: no special abilities


You were on level 1 of the Dungeon.
You were not hungry.

You visited 1 branch of the dungeon, and saw 2 of its levels.

You collected 63 gold pieces.

Inventory:

Hand Weapons
 d - a +0 dagger
 k - a +0 short sword (weapon)
Armour
 e - a +0 cloak (worn)
Jewellery
 a - a +5 ring of dexterity {unknown}
 i - a cursed -3 ring of strength {unknown}
Scrolls
 f - a scroll of teleportation {unknown}
 h - a scroll of enchant armour {unknown}
Potions
 g - a potion of heal wounds {unknown}
 j - a potion of brilliance {unknown}
Comestibles
 b - 4 rations
 c - a chunk of flesh


   Skills:
 - Level 1.7 Dodging
 - Level 1.7 Stealth
 - Level 2.0 Spellcasting
 + Level 4.9 Conjurations


You had 2 spell levels left.
You knew the following spells:

 Your Spells              Type           Power        Failure   Level  Hunger
a - Magic Dart            Conj           ###.         3%          1    #......
b - Searing Ray           Conj           ###...       4%          2    ###....

Your spell library contained the following spells:

 Spells                   Type           Power        Failure   Level  Hunger
 Dazzling Spray           Conj/Hex       #.....       24%         3    ###....
 Iskenderun's Mystic Bla  Conj           ###.....     28%         4    #####..
 Force Lance              Conj/Tloc      #.......     63%         4    #####..
 Fulminant Prism          Conj/Hex       #.........   63%         4    #####..


Dungeon Overview and Level Annotations

Branches:
Dungeon (2/15)

Altars:


Innate Abilities, Weirdness & Mutations

Your plain brown scales are hard. (AC +4)
You cannot fit into any form of body armour.
You are cold-blooded and may be slowed by cold attacks.


Message History

Aim: a goblin, wielding a +0 club The searing ray hits the worm.
The worm is lightly wounded. (Press . to maintain the ray.)
The frilled lizard closely misses you.
The searing ray hits the worm.
The worm is moderately wounded.
The frilled lizard bites you but does no damage.
The worm misses you.
Without enough magic to sustain it, your searing ray dissipates.
The frilled lizard misses you. The worm bites you.
You barely miss the frilled lizard.
The frilled lizard bites you but does no damage.
You hit the frilled lizard but do no damage.
The frilled lizard bites you but does no damage.
The worm misses you.
You closely miss the frilled lizard. The frilled lizard closely misses you.
The worm bites you!
Ouch! That really hurt!
You die...

########## .........#
####.###.#########
.....# #.........#
####.###.#######.# #
#.....# #.# #####....#
#g# ...##..#.#
#w##########
##.......#
#@l........# ####....#
##########.#
#####....# #.#
.........# #.#
.####.#..##### #.# .#
#.#.รท#...# #.# .#
#.#..#...######### #.#
.## #.#..............#
#.#
#.###...........#.##.#
#.#


You could see a worm, a goblin and a frilled lizard.

Vanquished Creatures
  An adder (D:1)
  A giant cockroach (D:1)
  3 hobgoblins (D:1)
  2 frilled lizards (D:1)
  5 goblins (D:1)
  3 kobolds (D:1)
  A rat (D:1)
16 creatures vanquished.

Notes
Turn   | Place    | Note
-------+----------+-------------------------------------------
     0 | D:1      | Leeroy the Draconian Conjurer began the quest for the Orb.
     0 | D:1      | Reached XP level 1. HP: 14/14 MP: 3/3
   247 | D:1      | Reached XP level 2. HP: 15/20 MP: 1/5
   400 | D:1      | Learned a level 2 spell: Searing Ray
   739 | D:2      | Found a faded altar of an unknown god.
   798 | D:1      | Slain by a worm

Action                   || total
-------------------------++-------
Melee: Dagger            ||    39
       Tailslap          ||     5
       Short sword       ||     4
 Cast: Magic Dart        ||    14
       Searing Ray       ||     4
Armor: Skin              ||    22
Dodge: Dodged            ||    47
